 Dungeon Crawl Stone Soup version 0.29-a0-350-g7790a0e70a (webtiles) character file.

Game seed: 7062300732602351783

43 spaghetti the Agent of Entropy (level 3, 6/27 HPs)
             Began as a Demonspawn Fire Elementalist on Apr 23, 2022.
             Was a Priest of Lugonu.
             Quit the game on level 2 of the Dungeon.
             The game lasted 00:04:55 (1913 turns).

spaghetti the Agent of Entropy (DsFE)               Turns: 1913, Time: 00:04:56

Health: 6/27       AC:  7    Str: 10    XL:     3   Next: 37%
Magic:  3/6        EV: 10    Int: 16    God:    Lugonu [***...]
Gold:   44         SH:  0    Dex: 13    Spells: 5/6 levels left

rFire   . . .      SeeInvis +   g - +0 spear {polearm}
rCold   + . .      Faith    +   (no shield)
rNeg    . . .      Spirit   .   l - +0 scale mail
rPois   .          Reflect  .   f - +0 helmet
rElec   .          Harm     .   (no cloak)
rCorr   .          Rampage  .   (no gloves)
Will    .....                   (no boots)
Stlth   +.........              e - amulet of faith {!P}
HPRegen 0.09/turn               h - ring of protection from cold
MPRegen 0.10/turn               c - ring of see invisible

@: lethally poisoned (6 -> -3)
A: sturdy frame 2
a: Renounce Religion, Depart the Abyss, Bend Space, Banish


You were on level 2 of the Dungeon.
You worshipped Lugonu.
Lugonu was most pleased with you.
You visited 1 branch of the dungeon, and saw 2 of its levels.

You collected 44 gold pieces.


Innate Abilities, Weirdness & Mutations

Your movements are less encumbered by armour. (ER -4)


   Skills:
 + Level 2.0 Fighting
 - Level 1.7 Dodging
 - Level 1.7 Stealth
 - Level 2.0 Spellcasting
 - Level 1.0 Conjurations
 - Level 2.6 Fire Magic
 + Level 2.8 Invocations


You had 5 spell levels left.
You knew the following spells:

 Your Spells              Type           Power      Damage    Failure   Level
a - Foxfire               Conj/Fire      28%        2x1d5     19%         1

Your spell library contained the following spells:

 Spells                   Type           Power      Damage    Failure   Level
 Scorch                   Fire           20%        2d6       21%         2
 Conjure Flame            Conj/Fire      7%         6-21      50%         3
 Inner Flame              Hex/Fire       5%         N/A       56%         3
 Flame Wave               Conj/Fire      7%         2d5       88%         4

Inventory:

Hand Weapons
 d - a +0 club {mace}
   (You took it off a goblin on level 1 of the Dungeon)
 g - a +0 spear (weapon) {polearm}
   (You found it on level 1 of the Dungeon)
 i - a +0 short sword {short}
   (You took it off a kobold on level 1 of the Dungeon)
Missiles
 k - 86 stones {throwing}
Armour
 a - a +0 robe
 f - a +0 helmet (worn)
   (You found it on level 1 of the Dungeon)
 j - a +2 tower shield
   (You found it on level 1 of the Dungeon)
 l - a +0 scale mail (worn)
   (You found it on level 1 of the Dungeon)
Jewellery
 c - a ring of see invisible (right hand)
   (You found it on level 1 of the Dungeon)
 e - an amulet of faith (around neck) {!P}
   (You found it on level 1 of the Dungeon)
 h - a ring of protection from cold (left hand)
   (You found it on level 1 of the Dungeon)
 o - a ring of poison resistance
   (You found it on level 1 of the Dungeon)
Scrolls
 m - a scroll of amnesia {unknown}
 n - a scroll of identify {unknown}
Potions
 b - a potion of magic

Dungeon Overview and Level Annotations

Branches:
Dungeon (2/15)

Altars:
Lugonu

Shops:
D:1

( #.# #.##.# ##.#
#.##.. ##.# ## #.....
#.## ##.# ######
##.###.# ##.#..#
#####.########
##.#.###..........†.#
#..Sv....####.#####.#
#.##@##..####.#####.#
#.##v##..#...........
#.##.......##.##.##.#
#.#####..#.#..##.##.#
#...................#
##########....##.####
#.......# ##...####
#...#


You could see an adder (ally target).


Message History

Lugonu accepts your kill.
Casting: Foxfire (safe; 19% risk of failure)
Confirm with . or Enter, or press ? or * to list all spells.
You conjure some foxfire! 😎 MP[-1]
You lost 1 mp, and now have 3/6 mp.
Unknown command.
The foxfire hits the ball python. x2
Casting: Foxfire (safe; 19% risk of failure)
Confirm with . or Enter, or press ? or * to list all spells.
You miscast Foxfire.
You are very lightly contaminated with residual magic.
Nothing appears to happen. 😎 MP[-1]
You lost 1 mp, and now have 2/6 mp.
Casting: Foxfire (safe; 19% risk of failure)
Confirm with . or Enter, or press ? or * to list all spells.
You conjure some foxfire!
The foxfire hits the ball python.
You kill the ball python!
Lugonu accepts your kill. 😎 MP[-1]
You lost 1 mp, and now have 1/6 mp.
Unknown command.
Unknown command.
You start resting.
Your magical contamination has completely faded away. 😎 MP[+1] Key pressed, stopping explore.
Key pressed, stopping explore.
An adder comes into view.
The adder hisses angrily. 😎 MP[+4]
Your mp is fully restored (6).
An adder is nearby!
Unknown command.
The adder bites you. 😕 HP[-1]
You take 1 damage, and now have 26/27 hp.
You hit the adder. The adder barely misses you.
You barely miss the adder.
The adder bites you but does no damage. 😎 HP[+1]
Your hp is fully restored (27).
You miss the adder. The adder closely misses you. The adder bites you. 😕 HP[-1]
You take 1 damage, and now have 26/27 hp.
You hit the adder but do no damage. The adder bites you.
You are poisoned.
The adder poisons you! 😕 HP[-3]
You take 3 damage, and now have 23/27 hp.
Casting: Foxfire (safe; 19% risk of failure)
Confirm with . or Enter, or press ? or * to list all spells.
You conjure some foxfire!
You feel sick.
The adder closely misses you. x2 😕 HP[-2] MP[-1]
You take 2 damage, and now have 21/27 hp.
You lost 1 mp, and now have 5/6 mp.
You feel sick. 😮 HP[-1]
You take 1 damage, and now have 20/27 hp.
Casting: Foxfire (safe; 19% risk of failure)
Confirm with . or Enter, or press ? or * to list all spells.
You conjure some foxfire!
You feel sick.
The adder bites you but does no damage. 😮 HP[-1] MP[-1]
You take 1 damage, and now have 19/27 hp.
You lost 1 mp, and now have 4/6 mp.
You feel sick. The adder closely misses you. 😮 HP[-1]
You take 1 damage, and now have 18/27 hp.
You feel sick.
You are no longer poisoned. 😮 HP[-1]
You take 1 damage, and now have 17/27 hp.
The adder attacks as you move away! The adder bites you.
You are poisoned.
The adder poisons you!
You feel sick. 😨 HP[-5]
You take 5 damage, and now have 12/27 hp.
You feel sick. The adder bites you.
* * * LOW HITPOINT WARNING * * *
😨 HP[-2]
You take 2 damage, and now have 10/27 hp.
The adder attacks as you move away! The adder barely misses you.
You feel sick. 😨 HP[-1]
You take 1 damage, and now have 9/27 hp.
Casting: Foxfire (safe; 19% risk of failure)
Confirm with . or Enter, or press ? or * to list all spells.
You conjure some foxfire!
You feel sick. The adder bites you.
* * * LOW HITPOINT WARNING * * *
You are lethally poisoned!
The adder poisons you! 😱 HP[-3] MP[-1]
You take 3 damage, and now have 6/27 hp.
You lost 1 mp, and now have 3/6 mp.
Okay, then.
Okay, then.
You don't have enough magic at the moment.
You are lethally poisoned (6 -> -3).
Your movement speed is average.
Your attack delay is about 1.1.
Are you sure you want to abandon this character and quit the game? (Confirm with "yes".)

Skill      XL: |  1  2  3 |
---------------+----------+-----
Invocations    | 1 2 |  2.8
Fighting       | 1 2 |  2.0
Dodging        | |  1.7
Stealth        | |  1.7
Spellcasting   | |  2.0
Conjurations   | |  1.0
Fire Magic     | |  2.6

Action                   || total
-------------------------++-------
Melee: Spear             ||    65
       Punch             ||     1
 Cast: Foxfire           ||    40
 Stab: Sleeping          ||     1
Armor: Robe              ||     7
       Scale mail        ||    11
Dodge: Dodged            ||    47

Levels and vault maps discovered:
D:1:      dpeg_arrival_concentric_ovals, layout_basic, serial_shops, shop,
          ebering_ecumenical_altar_abandoned, minmay_tall_x
D:2:      layout_loops_cross, basic_altar, serial_park_tiny_2, uniq_jessica

Notes
Turn   | Place    | Note
-------+----------+-------------------------------------------
     0 | D:1      | spaghetti the Demonspawn Fire Elementalist began the quest
                  | for the Orb.
     0 | D:1      | Reached XP level 1. HP: 13/13 MP: 3/3
     0 | D:1      | magus.rc [v1.9.6]
    52 | D:1      | Found a faded altar of an unknown god.
    59 | D:1      | Prayed at the altar of an unknown god.
    59 | D:1      | Became a worshipper of Lugonu the Unformed
    59 | D:1      | Reached * piety under Lugonu
    59 | D:1      | Reached ** piety under Lugonu
   207 | D:1      | Reached skill level 1 in Invocations
   258 | D:1      | Reached skill level 1 in Fighting
   332 | D:1      | Gained mutation: Your movements are slightly less
                  | encumbered by armour. (ER -2) [demonic ancestry]
   332 | D:1      | Reached XP level 2. HP: 21/21 MP: 0/5
   655 | D:1      | Reached skill level 2 in Invocations
  1251 | D:1      | Gained mutation: Your movements are less encumbered by
                  | armour. (ER -4) [demonic ancestry]
  1251 | D:1      | Reached XP level 3. HP: 27/27 MP: 1/6
  1681 | D:1      | Reached *** piety under Lugonu
  1682 | D:1      | Reached skill level 2 in Fighting
  1685 | D:1      | Found Jynoohag's Weapon Emporium.
  1912 | D:2      | HP: 6/27 [adder (3)]
  1913 | D:2      | Quit the game

Vanquished Creatures
  2 dart slugs (D:1)
  4 endoplasms (D:1)
  A giant cockroach (D:2)
  4 goblins (D:1)
  4 hobgoblins
  2 jackals (D:1)
  2 quokkas (D:1)
  5 ball pythons
  A bat (D:1)
  2 frilled lizards (D:1)
  4 kobolds (D:1)
  3 rats (D:1)
34 creatures vanquished.

Vanquished Creatures (others)
  64 foxfires
64 creatures vanquished.

Grand Total: 98 creatures vanquished

Table legend:
 A = Non-vault XP
 B = Vault XP
 C = Vault XP percentage of total XP
 D = Non-vault monster count
 E = Vault monster count
 F = Vault count percentage of total count
                 A         B        C        D         E       F
            +---------+---------+-------+---------+---------+-------
      Total |      55 |       7 |  11.3 |      30 |       4 |  11.8
            +---------+---------+-------+---------+---------+-------
        D:1 |      49 |       7 |  12.5 |      27 |       4 |  12.9
        D:2 |       6 |       0 |   0.0 |       3 |       0 |   0.0
            +---------+---------+-------+---------+---------+-------

Illustrated notes

Table legend:
 A = Kills in this place as a percentage of kills in entire the game.
 B = Kills by you in this place as a percentage of kills by you in the entire game.
 C = Kills by friends in this place as a percentage of kills by friends in the entire game.
 D = Other kills in this place as a percentage of other kills in the entire game.
 E = Experience gained in this place as a percentage of experience gained in the entire game.
 F = Experience gained in this place divided by the number of levels of this place that you have seen.
                   A       B       C       D       E      F
               +-------+-------+-------+-------+-------+----------------------
         Total | 100.0 | 100.0 |   N/A |   N/A | 100.0 |  31.0
       Dungeon | 100.0 | 100.0 |   N/A |   N/A | 100.0 |  31.0
               +-------+-------+-------+-------+-------+----------------------

Table legend: (Time is in decaauts)
 A = Elapsed time spent in this place.
 B = Non-inter-level travel time spent in this place.
 C = Inter-level travel time spent in this place.
 D = Time resting spent in this place.
 E = Time spent auto-exploring this place.
 F = Levels seen in this place.
 G = Mean time per level.
                   A        B        C        D        E       F      G
               +--------+--------+--------+--------+--------+-----+--------+
         Total |   1917 |   1901 |     16 |    212 |   1403 |   2 |  958.5 |
       Dungeon |   1917 |   1901 |     16 |    212 |   1403 |   2 |  958.5 |
               +--------+--------+--------+--------+--------+-----+--------+

Top non-repeatable levels by time:
     D:1: 1748 daAuts
     D:2: 169 daAuts
